 Dungeon Crawl Stone Soup version 0.18.1-5-g4a78601 (webtiles) character file.

214 epen the Ruffian (level 5, -4/45 HPs)
             Began as a Ghoul Gladiator on May 13, 2016.
             Killed from afar by a giant frog (29 damage)
             ... with an exploding inner flame
             ... hexed by the player character
             ... in a sewer.
             The game lasted 00:07:00 (2660 turns).

epen the Ruffian (Ghoul Gladiator)                  Turns: 2660, Time: 00:07:00

Health: -4/45      AC:  9    Str: 19    XL:     5   Next: 92%
Magic:  4/4        EV:  8    Int:  4    God:
Gold:   105        SH:  0    Dex:  9    Spells: 0 memorised, 4 levels left

rFire  . . .     SeeInvis .       - Unarmed
rCold  + . .     Gourm    .     e - +0 scale mail
rNeg   + + +     Faith    .     (no shield)
rPois  ∞         Spirit   .     b - +0 helmet
rElec  .         Dismiss  .     n - +1 cloak
rCorr  .         Reflect  .     (no gloves)
SustAt .         Harm     .     (no boots)
MR     .....                    (no amulet)
Stlth  ..........               (no ring)
                                (no ring)

@: flying, very slightly contaminated, rotting, hasted, constricted, very quick,
not resistant to hostile enchantments, extremely unstealthy
A: rotting body, claws 1, carnivore 3, cold resistance 1, negative energy
resistance 3, slow regeneration 1, torment resistance, unbreathing
a: no special abilities


You were in a sewer.
You were not hungry.

You visited 1 branch of the dungeon, and saw 3 of its levels.
You also visited: Sewer.

You collected 105 gold pieces.

Inventory:

Missiles
 c - 3 throwing nets (quivered)
Armour
 a - a +0 leather armour
 b - a +0 helmet (worn)
 e - a +0 scale mail (worn)
 n - a +1 cloak (worn)
Scrolls
 g - 7 scrolls of identify {unknown}
 h - a scroll of amnesia
 l - 2 scrolls of recharging
 p - 2 scrolls of remove curse
 v - a scroll of magic mapping
Potions
 q - a potion of cure mutation
Comestibles
 d - 2 meat rations
 i - a beef jerky


   Skills:
 + Level 3.4 Fighting
 - Level 1.7 Throwing
 + Level 1.6 Armour
 * Level 4.0 Dodging
 * Level 4.6 Unarmed Combat


You had 4 spell levels left.
You didn't know any spells.

Dungeon Overview and Level Annotations

Branches:
Dungeon (3/15)

Altars:
Cheibriados
Fedhas
Ru
Sif Muna
Trog


Innate Abilities, Weirdness & Mutations

Your body is rotting away.
You thrive on raw meat.
You are immune to poison.
You have sharp fingernails.
You are carnivorous and can eat meat at any time.
Your flesh is cold resistant.
You are immune to negative energy.
You regenerate slowly when monsters are visible.
You are immune to unholy pain and torment.
You can survive without breathing.


Message History

The ball python closely misses you.
* * * LOW HITPOINT WARNING * * *
The ball python constricts you.
Drink which item? (? for menu, Esc to quit)
It was a potion of heal wounds.
You feel much better. The giant frog hits you.
The ball python closely misses you. The giant frog closely misses you.
You barely miss the ball python.
Your attack snaps the ball python out of its fear.
The giant frog hits you. The ball python barely misses you.
The ball python constricts you. The ball python barely misses you.
The giant frog closely misses you.
You scratch the ball python.
The ball python explodes!
The fiery explosion engulfs the giant frog.
The giant frog explodes!
The fiery explosion engulfs the giant frog.
The giant frog explodes!
The fiery explosion engulfs you!
Ouch! That really hurt!
You die...

...†÷##
#..##......#
...÷≈#
#..##≈.≈≈..#
≈≈≈≈≈#
#####≈≈≈≈≈≈#
≈≈≈≈≈#
#≈≈≈≈≈≈#
≈≈≈≈≈#
#≈≈≈l≈≈#
≈≈≈≈≈#
#≈≈≈≈≈≈#
≈≈≈≈≈#
#≈≈≈≈≈≈#
≈.≈≈≈#
#≈≈≈≈≈≈#
.)[.≈#
#≈§§@S§#
.≈≈≈≈#
#≈§§§§§#
≈.≈≈≈#
#≈§§§§§#
≈≈≈≈≈#
#≈≈≈≈≈≈#
≈≈≈≈≈#
#≈≈≈≈≈≈#
≈≈≈≈≈#
#≈≈≈≈≈≈#
≈≈≈≈≈#
#≈≈≈≈≈≈#
≈≈≈≈≈#
#≈≈≈≈≈≈#
≈≈≈≈≈#
#≈≈≈≈≈≈#


You could see a ball python (inner flame) and a giant newt (inner flame).

Vanquished Creatures
  8 adders
  3 river rats
  An ooze (Sewer)
  A worm (D:3)
  2 dart slugs
  2 giant geckos (D:2)
  3 orcs (D:3)
  13 ball pythons
  6 bats
  8 giant cockroaches
  6 goblins
  9 hobgoblins
  5 jackals
  A quokka (D:2)
  7 giant newts
  2 kobolds
  34 rats
111 creatures vanquished.

Notes
Turn   | Place    | Note
--------------------------------------------------------------
     0 | D:1      | epen the Ghoul Gladiator began the quest for the Orb.
     0 | D:1      | Reached XP level 1. HP: 17/17 MP: 0/0
   188 | D:1      | Reached XP level 2. HP: 25/25 MP: 1/1
   329 | D:1      | Reached XP level 3. HP: 30/30 MP: 2/2
   380 | D:1      | Reached skill level 1 in Armour
  1048 | D:2      | Found a snail-covered altar of Cheibriados.
  1112 | D:2      | Reached XP level 4. HP: 27/36 MP: 3/3
  1256 | D:2      | Found a deep blue altar of Sif Muna.
  1387 | D:2      | Found a sacrificial altar of Ru.
  1412 | D:2      | Found a bloodstained altar of Trog.
  1423 | D:2      | Found a blossoming altar of Fedhas.
  1870 | D:3      | Found a glowing drain.
  1874 | Sewer    | Entered a sewer
  1895 | Sewer    | Reached XP level 5. HP: 39/45 MP: 4/4
  2657 | Sewer    | HP: 2/45 [ball python (1)]
  2660 | Sewer    | Killed from afar by a giant frog

Skill      XL: |  1  2  3  4  5 |
---------------+----------------+-----
Dodging        | 3 4 |  4.0
Armour         | 1 |  1.6
Fighting       | 3 |  3.4
Unarmed Combat | 4 |  4.6
Throwing       | |  1.7

Action                   |  1- 3 |  4- 6 || total
-------------------------+-------+-------++-------
Melee: Unarmed           |   139 |   371 ||   510
       Punch             |     1 |     2 ||     3
  Use: Potion            |       |     9 ||     9
       Scroll            |       |     8 ||     8
  Eat: Chunk             |    11 |    34 ||    45
Armor: Scale mail        |    68 |   304 ||   372
Dodge: Dodged            |    73 |   327 ||   400
